 Dungeon Crawl Stone Soup version 0.23.2-40-g277498a001 (webtiles) character file.

Game seed: 14054423498665675386

137 Descartes the Changer (level 5, -3/25 HPs)
             Began as a Vine Stalker Transmuter on Oct 21, 2019.
             Splashed by a jelly's acid (8 damage)
             ... on level 4 of the Dungeon.
             The game lasted 00:05:19 (2932 turns).

Descartes the Changer (Vine Stalker Transmuter)     Turns: 2932, Time: 00:05:21

Health: -3/25      AC: -1    Str: 13    XL:     5   Next: 20%
Magic:  0/9        EV: 12    Int: 14    God:
Gold:   109        SH:  0    Dex: 14    Spells: 0/8 levels left

rFire    . . .     SeeInvis .     - Unarmed
rCold    . . .     Gourm    .   (no shield)
rNeg     + . .     Faith    .   z - +2 robe {rN+}
rPois    .         Spirit   +   r - +0 helmet
rElec    .         Reflect  .   (no cloak)
rCorr    .         Harm     .   q - +0 pair of gloves
MR       .....                  (no boots)
Stlth    +.........             (no amulet)
HPRegen  0.48/turn              (no ring)
MPRegen  0.11/turn              (no ring)

@: corroded
A: fangs 2, regeneration 1, magic shield, antimagic bite, no potion heal 3, rot
immunity
a: no special abilities


You were on level 4 of the Dungeon.
You were hungry.

You visited 1 branch of the dungeon, and saw 4 of its levels.

You collected 109 gold pieces.

Inventory:

Hand Weapons
 h - a +0 dagger
Missiles
 a - 19 arrows
 e - 96 stones (quivered)
 n - 48 bolts
Armour
 b - a +0 robe
 g - a +0 buckler
 k - a +0 leather armour
 q - a +0 pair of gloves (worn)
 r - a +0 helmet (worn)
 z - a +2 robe of positive energy (worn)
Scrolls
 j - a scroll of enchant weapon {unknown}
 l - 3 scrolls of identify {unknown}
 m - 2 scrolls of blinking {unknown}
 v - a scroll of enchant armour {unknown}
 w - 2 scrolls of amnesia {unknown}
 y - a scroll of noise {unknown}
Potions
 c - a potion of resistance {unknown}
 f - 3 potions of brilliance {unknown}
 i - 4 potions of curing {unknown}
 o - a potion of magic {unknown}
 p - 2 potions of ambrosia {unknown}
 s - a potion of degeneration {unknown}
 t - a potion of agility {unknown}
 u - 2 potions of heal wounds {unknown}
Comestibles
 d - 3 rations


   Skills:
 - Level 0.8 Fighting
 + Level 1.6 Armour
 - Level 1.5 Dodging
 + Level 3.0 Unarmed Combat
 - Level 2.1 Spellcasting
 + Level 4.6 Transmutations


You couldn't memorise any spells.
You knew the following spells:

 Your Spells              Type           Power        Failure   Level  Hunger
a - Beastly Appendage     Tmut           ##....       3%          1    #......
b - Sticks to Snakes      Tmut           ##......     5%          2    ###....
c - Blade Hands           Tmut           ##........   67%         5    ######.

Your spell library contained the following spells:

 Spells                   Type           Power        Failure   Level  Hunger
 Spider Form              Tmut/Pois      #.........   26%         3    ###....
 Ice Form                 Ice/Tmut       #.......     65%         4    #####..


Dungeon Overview and Level Annotations

Branches:
Dungeon (4/15)
 Temple: D:4-7

Altars:
Makhleb


Innate Abilities, Weirdness & Mutations

You have extremely sharp teeth.
Your natural rate of healing is unusually fast.
When hurt, damage is shared between your health and your magic reserves.
Your bite disrupts and absorbs the magic of your enemies.
Potions cannot restore your health.
You are immune to rotting.


Message History

The jelly completely misses you.
You hit the jelly but do no damage.
Your hands burn!
You bite the jelly, but do no damage.
The jelly is moderately wounded.
The jelly barely misses you.
You hit the jelly.
Your hands burn!
The jelly is moderately wounded.
The jelly closely misses you.
You hit the jelly but do no damage.
Your hands burn!
The jelly is moderately wounded.
The jelly hits you.
You are splashed with acid!
You hit the jelly.
Your hands burn!
The jelly is moderately wounded.
You hit the jelly but do no damage.
Your hands burn!
* * * LOW HITPOINT WARNING * * *
The jelly is moderately wounded.
The jelly hits you.
* * * LOW HITPOINT WARNING * * *
The acid corrodes you!
You are splashed with acid!
You die...

##### #. #...#
#...######...######
#....J@............
#.....####.........
....... #...#.#...
.♣♣♣♣.. ##### ..
♣.. . ♣.# ♣. ♣.


You could see a jelly.

Vanquished Creatures
  Jessica (D:3)
  4 adders (D:2)
  2 oozes
  3 leopard geckos
  An orc (D:3)
  9 bats
  4 giant cockroaches
  8 goblins
  2 hobgoblins
  9 jackals
  4 frilled lizards (D:1)
  6 kobolds
  10 rats
63 creatures vanquished.

Notes
Turn   | Place    | Note
-------+----------+-------------------------------------------
     0 | D:1      | Descartes the Vine Stalker Transmuter began the quest for
                  | the Orb.
     0 | D:1      | Reached XP level 1. HP: 9/9 MP: 4/4
   281 | D:1      | Reached XP level 2. HP: 14/14 MP: 6/6
   363 | D:1      | Reached skill level 3 in Transmutations
   744 | D:1      | Reached XP level 3. HP: 17/17 MP: 5/7
  1530 | D:2      | Reached skill level 4 in Transmutations
  1647 | D:2      | Gained mutation: Your natural rate of healing is unusually
                  | fast. [Vine Stalker growth]
  1647 | D:2      | Reached XP level 4. HP: 16/21 MP: 6/8
  1757 | D:2      | Reached skill level 1 in Armour
  1878 | D:2      | Learned a level 2 spell: Sticks to Snakes
  2505 | D:3      | Noticed Jessica
  2522 | D:3      | Killed Jessica
  2522 | D:3      | Reached XP level 5. HP: 24/25 MP: 7/9
  2541 | D:3      | Learned a level 5 spell: Blade Hands
  2578 | D:3      | Found a burning altar of Makhleb.
  2932 | D:4      | Splashed by a jelly's acid

Skill      XL: |  1  2  3  4 |
---------------+-------------+-----
Transmutations | 3 4 |  4.6
Armour         | 1 |  1.6
Fighting       | |  0.8
Dodging        | |  1.5
Unarmed Combat | |  3.0
Spellcasting   | |  2.1

Action                   |  1- 3 |  4- 6 || total
-------------------------+-------+-------++-------
Melee: Unarmed           |   149 |   118 ||   267
       Bite              |    24 |    36 ||    60
 Stab: Sleeping          |     3 |       ||     3
  Eat: Chunk             |     2 |     4 ||     6
Armor: Robe              |    45 |     3 ||    48
       Leather armour    |     4 |    38 ||    42
Dodge: Dodged            |   102 |    52 ||   154
Block: Buckler           |    11 |    18 ||    29
